 Dungeon Crawl Stone Soup version 0.30-a0-760-g5a9884bb7c (webtiles) character file.

Game seed: 11163465886058472912

114919 Armakuni the Black Belt (level 16, -15/132 HPs)
             Began as a Grey Draconian Monk on Feb 3, 2023.
             Was a Priest of the Shining One.
             Shot with an arrow by a naga sharpshooter (21 damage)
             ... on level 1 of the Snake Pit on Feb 10, 2023.
             The game lasted 01:08:22 (24116 turns).

Armakuni the Black Belt (Grey Draconian Monk)      Turns: 24116, Time: 01:08:23

Health: -15/132    AC: 22    Str: 16    XL:     16   Next: 17%
Magic:  25/25      EV: 20    Int: 17    God:    the Shining One [***...]
Gold:   2695       SH:  0    Dex: 16    Spells: 12/17 levels left

rFire   + . .      SeeInvis +      - Unarmed
rCold   + . .      Faith    .    (no shield)
rNeg    + . .      Spirit   .    (body armour unavailable)
rPois   +          Reflect  .    V - +1 hat {SInv}
rElec   .          Harm     .    O - scarf {rC+ rF+}
rCorr   .          Rampage  +    W - +0 pair of gloves {Str+3}
Will    +....                    T - +1 pair of boots {rampage}
Stlth   +                        R - amulet of regeneration
HPRegen 1.22/turn                A - +4 ring of protection
MPRegen 0.19/turn                P - ring of poison resistance

@: wereblooded, glowing
A: AC +14, amphibious, unfitting armour, cold-blooded
a: Renounce Religion, Divine Shield, Cleansing Flame


You were on level 1 of the Snake Pit.
You worshipped the Shining One.
The Shining One was most pleased with you.
You visited 5 branches of the dungeon, and saw 24 of its levels.
You also visited: Sewer, Bailey, Gauntlet and Ice Cave.

You collected 3709 gold pieces.
You spent 1014 gold pieces at shops.

Inventory:

Missiles
 b - 4 throwing nets
 y - a curare-tipped dart (quivered)
Armour
 H - the +2 cloak of the Tarantula {Fly rPois Slay+2}
   (You found it in a Gauntlet)

   Slay:      It affects your accuracy & damage with ranged weapons and melee
   (+2).
   rPois:     It protects you from poison.
   Fly:       It grants you flight.
 O - a scarf of resistance (worn)
 T - a +1 pair of boots of rampaging (worn)
 V - a +1 hat of see invisible (worn)
 W - a +0 pair of gloves of strength (worn)
Jewellery
 A - a +4 ring of protection (left hand)
 I - the ring "Ucanurann" {Fly Int+8}
   (You found it on level 10 of the Dungeon)

   [ring of flight]

   Int:       It affects your intelligence (+8).
   Fly:       It grants you flight.
 J - a ring of protection from cold
 K - a ring of resist corrosion
 P - a ring of poison resistance (right hand)
 R - an amulet of regeneration (around neck)
 S - a +4 ring of protection
 Y - the ring of Athrob {Fire Dex+5}
   (You found it on level 1 of the Snake Pit)

   [ring of fire]

   It enhances your fire magic.
   Dex:       It affects your dexterity (+5).
   rF:        It protects you from fire.
   rC:        It makes you vulnerable to cold.
Wands
 k - a wand of digging (4)
 l - a wand of light (11)
 m - a wand of polymorph (5)
 p - a wand of paralysis (20)
 r - a wand of roots (8)
 v - a wand of flame (7)
Scrolls
 d - a scroll of silence
 e - 7 scrolls of fog
 f - 5 scrolls of enchant weapon
 g - 9 scrolls of teleportation
 i - 2 scrolls of summoning
 s - 5 scrolls of blinking
 u - 4 scrolls of brand weapon
 x - 3 scrolls of magic mapping
 z - 7 scrolls of fear
 D - 3 scrolls of noise
 G - 3 scrolls of enchant armour
 L - a scroll of vulnerability
 N - 4 scrolls of immolation
 Q - 5 scrolls of identify
Potions
 a - 3 potions of ambrosia
 c - 13 potions of heal wounds
 h - 4 potions of brilliance
 j - 9 potions of curing
 n - 10 potions of haste
 o - a potion of might
 q - 3 potions of lignification
 w - 4 potions of magic
 B - 4 potions of flight
 C - 2 potions of resistance
 E - 4 potions of berserk rage
 F - 3 potions of mutation
 M - 4 potions of attraction
 U - a potion of cancellation
Miscellaneous
 t - a tin of tremorstones (2/2)


   Skills:
 + Level 9.0 Fighting
 - Level 14.3 Dodging
 - Level 1.8 Stealth
 - Level 20.0 Unarmed Combat
 - Level 1.0 Spellcasting
 - Level 3.4 Translocations
 - Level 10.3 Transmutations
 - Level 13.1 Invocations
 - Level 3.2 Evocations


You had 12 spell levels left.
You knew the following spells:

 Your Spells              Type           Power      Damage    Failure   Level
b - Blink                 Tloc           24%        N/A       8%          2
w - Wereblood             Tmut           35%        N/A       1%          2
z - Apportation           Tloc           24%        N/A       5%          1

Your spell library contained the following spells:

 Spells                   Type           Power      Damage    Failure   Level
 Beastly Appendage        Tmut           70%        N/A       1%          1
 Spider Form              Tmut/Pois      18%        N/A       8%          3
 Momentum Strike          Conj/Tloc      12%        3d8       16%         2
 Kiss of Death            Conj/Necr      0%         2d5       22%         1
 Necrotise                Necr           0%         1d4       22%         1
 Summon Small Mammal      Summ           0%         N/A       22%         1
 Petrify                  Tmut/Erth      18%        N/A       26%         4
 Ensorcelled Hibernation  Hex/Ice        0%         N/A       32%         2
 Sublimation of Blood     Necr           0%         N/A       32%         2
 Manifold Assault         Tloc           12%        N/A       45%         4
 Passage of Golubria      Tloc           12%        N/A       45%         4
 Confusing Touch          Hex            0%         N/A       54%         3
 Irradiate                Conj/Tmut      9%         3d14      58%         5
 Airstrike                Air            0%         2d(0-16)  91%         4
 Anguish                  Hex/Necr       0%         N/A       91%         4
 Dispel Undead            Necr           0%         3d6       91%         4
 Summon Ice Beast         Ice/Summ       0%         N/A       91%         4
 Summon Lightning Spire   Summ/Air       0%         N/A       91%         4
 Iskenderun's Battlesphe  Conj           0%         2d6       99%         5
 Lightning Bolt           Conj/Air       0%         1d11      99%         5
 Summon Mana Viper        Hex/Summ       0%         N/A       99%         5
 Conjure Ball Lightning   Conj/Air       0%         3x3d6     100%        6
 Iron Shot                Conj/Erth      0%         9d1       100%        6
 Monstrous Menagerie      Summ           0%         N/A       100%        7
 Spellforged Servitor     Conj/Summ      0%         N/A       100%        7
 Storm Form               Tmut/Air       9%         N/A       100%        7


Dungeon Overview and Level Annotations

Branches:
Dungeon (15/15)            Temple (1/1) D:6            Lair (5/5) D:9
 Shoals (0/4) Lair:3        Snake (1/4) Lair:3        Slime (0/5) Lair:5
    Orc (2/2) D:10            Elf (0/3) Orc:2        Vaults (0/5) D:13
 Depths (0/4) D:15          Sewer (visited)          Bailey (visited)
  IceCv (visited)         Gauntlet (visited)

Altars:
Ashenzari
Cheibriados
Dithmenos
Elyvilon
Fedhas
Gozag
Hepliaklqana
Kikubaaqudgha
Makhleb
Nemelex Xobeh
Okawaru
Qazlal
Ru
Sif Muna
Trog
Uskayaw
Vehumet
Wu Jian
Xom
Yredelemnul
Zin
The Shining One

Shops:
D:5 *   D:7 (   D:9 ?   Orc:2 =*=((

Annotations:
D:13 1 runed translucent door, Loumeorph's ghost, adept DgHu
Snake:1 3 runed translucent doors, Romunoh's ghost, adept SpBr


Innate Abilities, Weirdness & Mutations

Your dull iron-grey scales are very hard. (AC +14)
You are amphibious.
You cannot fit into any form of body armour.
You are cold-blooded and may be slowed by cold attacks.


Message History

The naga sharpshooter gestures wildly while chanting.
The naga sharpshooter magically shoots an arrow.
The arrow hits you!
The naga sharpshooter shoots a bolt.
The bolt hits you!!
You rampage towards the naga sharpshooter!
A naga sharpshooter comes into view. It is wielding a +0 flail.
Found a +0 shortbow.
The naga sharpshooter shouts!
The naga sharpshooter mumbles some strange words.
The naga sharpshooter magically shoots a bolt.
The bolt hits you.
The naga sharpshooter shoots an arrow.
The arrow hits you!
The naga sharpshooter spits poison at you.
The splash of poison misses you.
The naga sharpshooter spits poison at you.
The splash of poison misses you.
The naga sharpshooter unwields a +0 flail.
The naga sharpshooter wields a +0 arbalest.
The naga sharpshooter casts a spell.
The naga sharpshooter magically shoots a bolt.
The bolt completely misses you.
The naga sharpshooter shoots a bolt.
The bolt closely misses you.
The naga sharpshooter mumbles some strange words.
The naga sharpshooter magically shoots an arrow.
The arrow misses you.
The naga sharpshooter spits poison at you.
The splash of poison misses you.
The naga sharpshooter shoots a bolt.
The bolt hits you but does no damage.
The naga sharpshooter casts a spell.
The naga sharpshooter magically shoots an arrow.
The arrow completely misses you.
The naga sharpshooter shoots a bolt.
The bolt hits you!!
* * * LOW HITPOINT WARNING * * *
The naga sharpshooter shoots a bolt.
The bolt hits you!
* * * LOW HITPOINT WARNING * * *
The naga sharpshooter shoots an arrow.
The arrow hits you but does no damage.
The naga sharpshooter casts a spell.
The naga sharpshooter magically shoots a bolt.
The bolt hits you!
* * * LOW HITPOINT WARNING * * *
The naga sharpshooter shoots an arrow.
The arrow hits you!!
You die...

...## ..≈≈.##''N##.≈≈.. ...#
.≈≈...NNNNN.≈≈.. ...#
≈≈≈≈≈≈≈≈≈≈≈≈≈.. ...#
≈≈≈≈≈≈≈≈≈≈≈≈≈.. ...#
............... ####
............... ###
............... ..##
...##...##..... ..'# ##..@## ###
### ..## #....†###### #.. '##
#(..†#†....# #..
.############.####.....# #..
.......##.......##.....# #..
...}...##.......##.....# #..
...).<.##.......##.....# #..
..#######.......##.....########..
..######...............##....##..


You could see 5 naga sharpshooters.

Vanquished Creatures
  Frances (Snake:1)
  A frost giant (IceCv)
  2 orc warlords
  A minotaur (Gauntlet)
  Josephine (D:13)
  8 hydras
  An ice dragon (D:15)
  2 vault guards (D:13)
  2 catoblepae (Lair:5)
  2 ogre magi (Orc:2)
  2 anacondas (Snake:1)
  4 centaur warriors
  12 death yaks
  2 boulder beetles
  A tengu warrior (D:10)
  12 two-headed ogres
  A deep troll shaman (Lair:5)
  2 naga sharpshooters (Snake:1)
  A naga warrior (Snake:1)
  A shock serpent (Snake:1)
  Lodul (D:12)
  2 sea snakes (Snake:1)
  2 deep trolls
  2 wizards (Gauntlet)
  A naga ritualist (Snake:1)
  An oklob plant (Lair:5)
  7 orc knights
  A deep elf zephyrmancer (D:10)
  9 cyclopes
  4 orc sorcerers
  3 mana vipers (Snake:1)
  2 manticores
  A salamander (Snake:1)
  8 ugly things
  An elephant (shapeshifter) (D:14)
  A wolf spider (Lair:2)
  4 elephants (Lair:5)
  9 black mambas
  2 naga magi (Snake:1)
  3 torpor snails
  3 gargoyles
  3 rime drakes
  Psyche (D:8)
  3 cane toads
  A kobold demonologist (D:9)
  6 komodo dragons
  A freezing wraith (D:15)
  A tengu conjurer (D:15)
  An efreet (D:13)
  16 trolls
  12 polar bears
  3 meliai (Gauntlet)
  2 hornets (Gauntlet)
  A snapping turtle (Lair:3)
  5 dream sheep (Lair:3)
  7 blink frogs
  3 slime creatures (D:14)
  2 shadows (D:10)
  6 wyverns
  2 basilisks
  52 yaks
  4 wraiths
  10 humans (D:13)
  A steam dragon (Snake:1)
  A basilisk (shapeshifter) (D:14)
  2 vampire mosquitoes (D:11)
  2 wargs
  2 acid dragons
  8 nagas
  13 water moccasins
  Duvessa (D:5)
  2 black bears
  An ice beast (D:8)
  37 orc warriors
  A sky beast (D:7)
  53 wolves
  9 boggarts
  7 centaurs
  27 ogres
  3 phantoms
  14 bullfrogs
  A two-headed ogre simulacrum (D:11)
  4 scorpions
  A gnoll sergeant (D:10)
  A necrophage (D:5)
  9 wights
  Dowan (D:5)
  6 killer bees (D:10)
  9 howler monkeys
  A quasit (D:6)
  15 orc priests
  2 hounds
  3 jellies
  Crazy Yiuf (D:5)
  8 iguanas
  Ijyb (D:5)
  25 orc wizards
  Natasha (D:2)
  3 troll simulacra (D:11)
  15 gnolls
  A naga simulacrum (D:11)
  14 adders
  2 river rats
  7 shadow imps
  6 white imps
  3 ufetubi (D:5)
  2 worms
  4 dart slugs
  82 orcs
  8 endoplasms
  3 giant cockroaches
  14 goblins
  25 hobgoblins
  6 jackals
  17 kobolds
  4 quokkas
  13 ball pythons
  A bat (D:2)
  4 frilled lizards
  4 rats
779 creatures vanquished.

Vanquished Creatures (others)
  An ice dragon (D:15)
  An orc wizard (D:9)
  An orc (Orc:2)
  4 demonic plants (D:6)
  6 fungi
  4 plants
17 creatures vanquished.

Grand Total: 796 creatures vanquished

Notes
Turn   | Place    | Note
-------+----------+-------------------------------------------
     0 | D:1      | Armakuni the Draconian Monk began the quest for the Orb.
     0 | D:1      | Reached XP level 1. HP: 19/19 MP: 1/1
   161 | D:1      | Reached XP level 2. HP: 26/26 MP: 2/2
   282 | D:1      | Found a faded altar of an unknown god.
   514 | D:1      | Reached skill level 4 in Unarmed Combat
   668 | D:2      | Reached XP level 3. HP: 31/31 MP: 3/3
  1047 | D:2      | Noticed Natasha
  1053 | D:2      | Killed Natasha
  1054 | D:2      | Reached skill level 5 in Unarmed Combat
  1054 | D:2      | Reached XP level 4. HP: 38/38 MP: 4/4
  1261 | D:2      | Found a hide-covered altar of Uskayaw.
  1637 | D:3      | Identified the +0 chain mail of Risyph {-Cast Harm +Blink}
  1708 | D:4      | Reached XP level 5. HP: 45/45 MP: 5/5
  1924 | D:4      | Noticed a phantom
  1948 | D:4      | Killed a phantom
  1949 | D:4      | Reached skill level 6 in Unarmed Combat
  2281 | D:5      | Entered Level 5 of the Dungeon
  2281 | D:5      | Noticed Duvessa
  2281 | D:5      | Noticed Dowan
  2435 | D:5      | Found a glowing drain.
  2456 | Sewer    | Entered a sewer
  2491 | Sewer    | Reached XP level 6. HP: 41/52 MP: 6/6
  2757 | D:5      | Noticed Ijyb
  2797 | D:5      | Killed Ijyb
  2942 | D:5      | Reached skill level 5 in Fighting
  3010 | D:5      | Reached skill level 7 in Unarmed Combat
  3010 | D:5      | Your scales start taking on a dull iron-grey colour.
  3010 | D:5      | Reached XP level 7. HP: 54/61 MP: 7/7
  3124 | D:5      | Found Hoemath's General Store.
  3133 | D:5      | Bought a potion of heal wounds for 75 gold pieces
  3133 | D:5      | Bought a potion of berserk rage for 75 gold pieces
  3133 | D:5      | Bought a scroll of identify for 30 gold pieces
  3134 | D:5      | Upgraded the game from 0.30-a0-738-g116ff8c4af to
                  | 0.30-a0-743-gbfdf073431
  3276 | D:5      | Reached skill level 8 in Unarmed Combat
  3313 | D:5      | Found a runed translucent door.
  3314 | D:5      | Noticed Crazy Yiuf
  3321 | D:5      | Killed Crazy Yiuf
  3376 | D:5      | Killed Duvessa
  3377 | D:5      | Reached skill level 9 in Unarmed Combat
  3377 | D:5      | Reached XP level 8. HP: 46/68 MP: 8/8
  3383 | D:5      | Killed Dowan
  3556 | D:5      | Found a shadowy altar of Dithmenos.
  3662 | D:5      | Found a blossoming altar of Fedhas.
  3797 | D:5      | Reached skill level 10 in Unarmed Combat
  4040 | D:6      | Reached skill level 11 in Unarmed Combat
  4322 | D:6      | Reached XP level 9. HP: 73/74 MP: 9/9
  4554 | D:6      | Found a staircase to the Ecumenical Temple.
  4620 | D:7      | Reached skill level 12 in Unarmed Combat
  4741 | D:7      | Found Nofrokio's Weapon Emporium.
  5063 | Temple   | Entered the Ecumenical Temple
  5183 | Temple   | Became a worshipper of the Shining One
  5183 | Temple   | Reached * piety under the Shining One
  5183 | Temple   | Reached ** piety under the Shining One
  5850 | D:8      | Noticed Psyche
  5862 | D:8      | Killed Psyche
  5863 | D:8      | Reached skill level 13 in Unarmed Combat
  5886 | D:8      | You fall into a shaft and drop 1 floor!
  5886 | D:9      | Found a staircase to the Lair.
  6244 | D:8      | Reached skill level 1 in Invocations
  6742 | D:9      | Noticed a kobold demonologist
  6744 | D:9      | Noticed a rust devil
  6759 | D:9      | Noticed a hellwing
  6770 | D:9      | Killed a kobold demonologist
  6780 | D:9      | Reached skill level 14 in Unarmed Combat
  6780 | D:9      | Reached XP level 10. HP: 29/81 MP: 7/11
  6883 | D:9      | Noticed a two-headed ogre
  6899 | D:9      | Killed a two-headed ogre
  6939 | D:9      | Reached skill level 15 in Unarmed Combat
  6951 | D:9      | Found Weamank's Magic Scroll Emporium.
  6954 | D:9      | Bought a scroll of identify for 28 gold pieces
  6954 | D:9      | Bought a scroll of identify for 28 gold pieces
  6954 | D:9      | Bought a scroll of identify for 28 gold pieces
  7420 | D:10     | Entered Level 10 of the Dungeon
  7522 | D:10     | Noticed a two-headed ogre
  7528 | D:10     | Killed a two-headed ogre
  7609 | D:10     | Found a flagged portal.
  7618 | Bailey   | Entered a bailey
  7679 | Bailey   | Reached skill level 16 in Unarmed Combat
  7703 | Bailey   | Noticed an orc knight
  7729 | Bailey   | Killed an orc knight
  7765 | Bailey   | Noticed an orc knight
  7766 | Bailey   | Noticed an orc knight
  7780 | Bailey   | Killed an orc knight
  7781 | Bailey   | Reached XP level 11. HP: 67/86 MP: 12/12
  7793 | Bailey   | Killed an orc knight
  7915 | Bailey   | Noticed an orc knight
  7940 | Bailey   | Killed an orc knight
  8015 | Bailey   | Noticed an orc warlord
  8038 | Bailey   | Killed an orc warlord
  8039 | Bailey   | Reached skill level 17 in Unarmed Combat
  8087 | Bailey   | Reached XP level 12. HP: 89/100 MP: 13/13
  8437 | D:10     | Found a staircase to the Orcish Mines.
  8620 | D:10     | Reached skill level 18 in Unarmed Combat
  8625 | D:10     | Noticed a boulder beetle
  8628 | D:10     | Identified the ring "Ucanurann" {Fly Int+8}
  8629 | D:10     | Noticed a tengu warrior
  8644 | D:10     | Killed a tengu warrior
  8649 | D:10     | Killed a boulder beetle
  8652 | D:10     | Noticed a seven-headed hydra
  8729 | D:10     | Killed a seven-headed hydra
  8975 | D:10     | Noticed a two-headed ogre
  8992 | D:10     | Killed a two-headed ogre
  9194 | D:10     | Noticed a seven-headed hydra
  9210 | D:10     | Killed a seven-headed hydra
  9211 | D:10     | Reached skill level 19 in Unarmed Combat
  9797 | D:11     | Reached XP level 13. HP: 105/105 MP: 14/14
  9838 | D:11     | Reached *** piety under the Shining One
 10035 | D:11     | Found a frozen archway.
 10067 | IceCv    | Entered an ice cave
 10433 | IceCv    | Noticed a frost giant
 10465 | IceCv    | Killed a frost giant
 10474 | IceCv    | Reached skill level 20 in Unarmed Combat
 10569 | IceCv    | Identified the +10 broad axe of the Enemy {heavy, rC+ SInv
                  | Stlth-}
 10844 | IceCv    | Reached skill level 10 in Dodging
 11392 | D:12     | Identified the +1 robe of Eternal Night {rPois rCorr Int-5}
 11758 | D:12     | Noticed Lodul
 11771 | D:12     | Killed Lodul
 12186 | D:13     | Noticed Josephine
 12200 | D:13     | Killed Josephine
 12206 | D:13     | Reached **** piety under the Shining One
 12717 | D:13     | Identified the +7 glaive of the Foremost Emperors {speed,
                  | rC+}
 12754 | D:13     | Reached XP level 14. HP: 94/113 MP: 15/15
 12855 | D:13     | Found a gate to the Vaults.
 12862 | D:13     | Identified the +1 great sword of Prudence {antimagic,
                  | +Blink rF+ rCorr}
 12867 | D:13     | Identified the +5 great sword "Ebaewn" {holy, rC- Will++
                  | Int+3 Stlth+}
 13006 | D:13     | Found a runed translucent door.
 13006 | D:13     | Noticed Loumeorph's ghost (adept DgHu)
 13702 | D:14     | Reached skill level 5 in Invocations
 14036 | D:15     | Entered Level 15 of the Dungeon
 14994 | D:15     | Found a staircase to the Depths.
 15651 | Orc:1    | Entered Level 1 of the Orcish Mines
 16047 | Orc:2    | Entered Level 2 of the Orcish Mines
 16108 | Orc:2    | Noticed an orc warlord
 16392 | Orc:1    | Killed an orc warlord
 16455 | Orc:2    | Reached skill level 10 in Invocations
 16486 | Orc:2    | Found Igoescha's Antique Weapon Shop.
 16516 | Orc:2    | Found Fozxeugy's Assorted Antiques.
 16897 | Orc:2    | Paralysed by an ogre mage for 2 turns
 17140 | Orc:2    | Found a staircase to the Elven Halls.
 17431 | Orc:2    | Reached XP level 15. HP: 99/118 MP: 24/24
 17434 | Orc:2    | Learned a level 2 spell: Blink
 17491 | Orc:2    | Found Gexoodwo's Antique Weapon Emporium.
 17492 | Orc:2    | Found Ilaubeu's Jewellery Shop.
 17498 | Orc:2    | Found Woeluos's Jewellery Shop.
 17505 | Orc:2    | Bought a pair of runed boots for 180 gold pieces
 17505 | Orc:2    | Bought a potion of heal wounds for 120 gold pieces
 17528 | Orc:2    | Bought an amulet of regeneration for 450 gold pieces
 18149 | Lair:1   | Entered Level 1 of the Lair of Beasts
 18240 | Lair:1   | Found a gate leading to a gauntlet.
 18248 | Gauntlet | Entered a Gauntlet
 18248 | Gauntlet | Found a transporter.
 18248 | Gauntlet | Found a transporter.
 18248 | Gauntlet | Found a runed translucent door.
 18254 | Gauntlet | Found a transporter.
 18265 | Gauntlet | Found a runed translucent door.
 18268 | Gauntlet | Found a transporter.
 18284 | Gauntlet | Found a transporter.
 18284 | Gauntlet | Found a transporter.
 18286 | Gauntlet | Found a transporter.
 18286 | Gauntlet | Found a transporter.
 18287 | Gauntlet | Found a transporter.
 18298 | Gauntlet | Found a transporter.
 18316 | Gauntlet | Found a transporter.
 18326 | Gauntlet | Found a transporter.
 18340 | Gauntlet | Found a transporter.
 18360 | Gauntlet | Found a transporter.
 18368 | Gauntlet | Found a runed translucent door.
 18401 | Gauntlet | Paralysed by a hornet for 3 turns
 18409 | Gauntlet | Paralysed by a hornet for 3 turns
 18559 | Gauntlet | Identified the +2 cloak of the Tarantula {Fly rPois Slay+2}
 18596 | Gauntlet | Identified the ring of the Median {Str+5 SInv}
 18637 | Gauntlet | Identified the +0 plate armour of Gluttony {Int+3}
 18672 | Gauntlet | Got Wuest's Parchment of Distorted Blasts
 18709 | Lair:1   | Learned a level 2 spell: Wereblood
 18711 | Lair:1   | Learned a level 1 spell: Apportation
 18768 | Lair:1   | Reached skill level 1 in Spellcasting
 18768 | Lair:1   | Reached skill level 1 in Transmutations
 18867 | Lair:1   | Identified the +6 short sword "Draconian's Curse" {flame,
                  | Str+3}
 20180 | Lair:3   | Reached skill level 5 in Transmutations
 20426 | Lair:3   | Found a staircase to the Shoals.
 20573 | Lair:3   | Found a staircase to the Snake Pit.
 21477 | Lair:4   | Identified the +1 kite shield "Kocwukk" {rN+ Regen+ Int-4
                  | Stlth+}
 21995 | Lair:5   | Entered Level 5 of the Lair of Beasts
 22204 | Lair:5   | Found a runed translucent door.
 22652 | Lair:5   | Reached skill level 10 in Transmutations
 22670 | Lair:5   | Identified the +3 war axe of the Bruised Coins {freeze,
                  | *Noise rPois Dex+4}
 22877 | Lair:5   | Found a staircase to the Slime Pits.
 23367 | Snake:1  | Entered Level 1 of the Snake Pit
 23382 | Snake:1  | Reached skill level 1 in Translocations
 23393 | Snake:1  | Identified the ring of Athrob {Fire Dex+5}
 23409 | Snake:1  | Noticed Frances
 23479 | Snake:1  | Killed Frances
 23480 | Snake:1  | Reached skill level 1 in Evocations
 23533 | Snake:1  | Found a runed translucent gate.
 23533 | Snake:1  | Noticed Romunoh's ghost (adept SpBr)
 23534 | Snake:1  | Found a runed translucent gate.
 23548 | Snake:1  | Found a runed translucent gate.
 23573 | Snake:1  | Reached XP level 16. HP: 129/129 MP: 22/25
 23596 | Snake:1  | Identified a scroll of acquirement
 23597 | Snake:1  | Acquired 716 gold pieces
 23873 | Snake:1  | Upgraded the game from 0.30-a0-743-gbfdf073431 to
                  | 0.30-a0-760-g5a9884bb7c
 24116 | Snake:1  | HP: 6/132 [naga sharpshooter/bolt (15)]
 24116 | Snake:1  | Shot with an arrow by a naga sharpshooter

Illustrated notes

Levels and vault maps discovered:
D:1:      wander_arrival_fairy_ring, layout_basic,
          shapermc_ecumenical_altar_ellora
D:2:      layout_basic, basic_altar, bh_walls_and_bars, uniq_natasha
D:3:      layout_basic
D:4:      layout_loops_cross
D:5:      kennysheep_windowed_halls, layout_rooms, fedhas_altar_2,
          lemuel_tele_altar, serial_shops, kennysheep_mini,
          portal_sewer_entry_d, uniq_ijyb, uniq_crazy_yiuf_cottage, uniq_duvessa
D:6:      layout_loops_ring, minmay_temple_entry_from_below_a, serial_demonic,
          serial_demonic_d, serial_demonic_c, serial_demonic_d, serial_demonic_a
D:7:      layout_loops_cross, serial_shops, shop
D:8:      layout_gridville, uniq_psyche
D:9:      layout_stronghold, lair_entry_dummy, serial_shops,
          nicolae_shop_behind_doors
D:10:     minmay_the_grid_plus_closed [minmay_the_grid_all_tris,
          minmay_the_grid_tri_star, minmay_the_grid_square_x,
          minmay_the_grid_small_cups, minmay_the_grid_prize_shrinking_boxes],
          layout_loops_ring, david_orc_4, enter_bailey_2,
          chequers_serial_rivers_small_a, minivault_4, kennysheep_nub,
          grunt_ministairs_4
D:11:     layout_basic, portal_ice_cave_entry_ice_simulacra
D:12:     layout_basic, corexii_leaking_fountain, uniq_lodul
D:13:     layout_loops_ring, ximxim_vaults_locker_room,
          ebering_ghost_inner_flame, uniq_josephine
D:14:     layout_loops_ring, serial_rivers, chequers_serial_rivers_large_a,
          chequers_serial_rivers_room_b, chequers_serial_rivers_micro_e,
          chequers_serial_rivers_micro_a, chequers_serial_rivers_micro_a,
          hangedman_abyss_or_decor_stabs
D:15:     grunt_enter_depths_hoard, layout_loops_ring
Temple:   mainiacjoe_temple_big_plus
Lair:1:   layout_chaotic_city, gauntlet_entry_generic, st_stairs_5,
          grunt_forest_stairs_basic, serial_bayou_shore_a, grunt_megastairs_4
Lair:2:   layout_gridlike, nicolae_lair_run_with_the_wolves, grunt_megastairs_2
Lair:3:   layout_cave_pods, minmay_shoals_entry_hut, nicolae_snake_entry_squirm
Lair:4:   layout_regular_city
Lair:5:   grunt_lair_end_beastmaster, layout_cave_pods, slime_entry_2
Snake:1:  nicolae_snake_shooting_gallery, layout_grid_maze,
          gammafunk_ghost_split, nicolae_snake_gridmaze_big_u, uniq_frances
Orc:1:    layout_caves, basic_altar
Orc:2:    st_orc_open, layout_caves, serial_shops, shop

Skill      XL: |  1  2  3  4  5  6  7  8  9 10 11 12 13 14 15 16 |
---------------+-------------------------------------------------+-----
Unarmed Combat | 4 5 6 7 9 11 14 16 17 19 20 | 20.0
Fighting       | 5 7 8 9 |  9.0
Invocations    | 2 12 13 | 13.1
Dodging        | 7 14 | 14.3
Spellcasting   | 1 |  1.0
Transmutations | 10 | 10.3
Translocations | 1 3 |  3.4
Evocations     | 1 3 |  3.2
Stealth        | |  1.8

Action                     |  1- 3 |  4- 6 |  7- 9 | 10-12 | 13-15 | 16-18 || total
---------------------------+-------+-------+-------+-------+-------+-------++-------
  Melee: Unarmed           |    91 |   231 |   360 |   434 |  1573 |    87 ||  2776
         Tailslap          |    12 |    29 |    65 |    97 |   359 |    23 ||   585
         Punch             |     3 |    10 |    29 |    49 |   258 |    18 ||   367
  Throw: Javelin           |     3 |     6 |       |       |       |       ||     9
         Dart              |       |     1 |     3 |     6 |     7 |       ||    17
   Cast: Wereblood         |       |       |       |       |     4 |     6 ||    10
         Apportation       |       |       |       |       |     1 |       ||     1
 Invoke: Divine Shield     |       |       |     1 |    10 |    25 |     2 ||    38
         Cleansing Flame   |       |       |       |       |    14 |       ||    14
  Evoke: Wand              |       |     6 |    11 |    11 |     9 |     2 ||    39
         Tin of tremorston |       |       |       |       |     1 |       ||     1
    Use: Scroll            |       |    10 |     8 |     6 |     5 |     2 ||    31
         Potion            |       |       |     1 |     2 |     2 |       ||     5
   Stab: Sleeping          |     4 |     4 |       |       |       |       ||     8
         Paralysed         |       |       |     5 |       |       |       ||     5
 Armour: Skin              |    27 |    65 |   123 |   114 |   488 |    24 ||   841
  Dodge: Dodged            |    49 |   115 |   183 |   148 |  1130 |    86 ||  1711
  Block: Other             |    12 |    48 |    68 |   120 |   413 |    13 ||   674
         Reflection        |       |     1 |     4 |     1 |    16 |       ||    22

Table legend: (Time is in decaauts)
 A = Elapsed time spent in this place.
 B = Non-inter-level travel time spent in this place.
 C = Inter-level travel time spent in this place.
 D = Time resting spent in this place.
 E = Time spent auto-exploring this place.
 F = Levels seen in this place.
 G = Mean time per level.
                   A        B        C        D        E       F      G
               +--------+--------+--------+--------+--------+-----+--------+
         Total |  23390 |  21939 |   1451 |   2021 |  12801 |  28 |  835.4 |
       Dungeon |  13430 |  12292 |   1138 |   1099 |   7021 |  15 |  895.3 |
        Temple |    425 |    400 |     25 |      0 |    384 |   1 |  425.0 |
          Lair |   4623 |   4423 |    200 |    150 |   3497 |   5 |  924.6 |
     Snake Pit |    681 |    673 |      8 |      7 |    320 |   1 |  681.0 |
  Orcish Mines |   2270 |   2191 |     79 |    558 |   1025 |   2 | 1135.0 |
         Sewer |    336 |    336 |      0 |      0 |      0 |   1 |  336.0 |
        Bailey |    445 |    445 |      0 |      0 |    198 |   1 |  445.0 |
      Ice Cave |    736 |    736 |      0 |    104 |    201 |   1 |  736.0 |
      Gauntlet |    440 |    440 |      0 |    103 |    155 |   1 |  440.0 |
               +--------+--------+--------+--------+--------+-----+--------+

Top non-repeatable levels by time:
    D:10: 1725 daAuts
   Orc:1: 1293 daAuts
    D:14: 1283 daAuts
     D:5: 1238 daAuts
  Lair:5: 1191 daAuts
    D:15: 1181 daAuts
  Lair:3: 1059 daAuts
  Lair:4: 981 daAuts
   Orc:2: 977 daAuts
    D:13: 909 daAuts
     D:9: 900 daAuts
    D:11: 886 daAuts
    D:12: 784 daAuts
  Lair:2: 739 daAuts
     D:8: 736 daAuts
